PUBA
NORTH RIDGEVILLE RIVER BANDITS @ EL PASO TEXANS
07/07/1972
 
TOP OF THE 1ST
North Ridgeville River Bandits batting - Pitching for El Paso Texans : RHP Jim Maloney
Pitching: RHP Jim Maloney
Batting: LHB Ed Terry 0-0: Called Strike
0-1: Ball
1-1: Ground out 6-3 (Groundball, 6S, EV 79.4 MPH)
Batting: RHB Ken Lewis 0-0: Swinging Strike
0-1: Ground out U3 (Groundball, 34, EV 90.0 MPH)
Batting: LHB Bob Riley 0-0: Called Strike
0-1: Ball
1-1: Ball
2-1: Called Strike
2-2: Ball
3-2: Fly out, F8 (Flyball, 8RD, EV 110.0 MPH)
Top of the 1st over - 0 runs, 0 hits, 0 errors, 0 left on base; North Ridgeville 0 - El Paso 0
BOTTOM OF THE 1ST
El Paso Texans batting - Pitching for North Ridgeville River Bandits : RHP Charles Anderson
Pitching: RHP Charles Anderson
Batting: RHB Tadasuke Kobayashi 0-0: Fly out, F8 (Flyball, 8LXD, EV 110.0 MPH)
Batting: LHB Jim Mason 0-0: Fly out, F7 (Flyball, 78M, EV 91.9 MPH)
Batting: SHB William Hoffman 0-0: Called Strike
0-1: Fly out, F6 (Popup, 6M, EV 51.3 MPH)
Bottom of the 1st over - 0 runs, 0 hits, 0 errors, 0 left on base; North Ridgeville 0 - El Paso 0
TOP OF THE 2ND
North Ridgeville River Bandits batting - Pitching for El Paso Texans : RHP Jim Maloney
Batting: RHB Sam Phillips 0-0: Ball
1-0: Ball
2-0: Called Strike
2-1: Foul Ball, location: 5DF
2-2: Foul Ball, location: 2RF
2-2: Ball
3-2: Foul Ball, location: 2F
3-2: Strikes out swinging
Batting: RHB Cedric Hardy 0-0: Foul Ball, location: 9LSF
0-1: Swinging Strike
0-2: Ball
1-2: Fly out, F7 (Flyball, 78D, EV 97.5 MPH)
Batting: LHB Jim Dwyer 0-0: Foul Ball, location: 7LMF
0-1: Ball
1-1: Ball
2-1: Ball
3-1: Base on Balls
Batting: RHB Aifell Owuor 0-0: Called Strike
0-1: Ball
1-1: Ball
2-1: SINGLE (Groundball, 6MD, EV 103.1 MPH)
Jim Dwyer to second
Runner from 2nd tries for 3rd, SAFE, throw by CF made to third
Batting: RHB Tony Gallegos 0-0: Foul Ball, location: 2F
0-1: Ground out 4-3 (Groundball, 34, EV 103.8 MPH)
Top of the 2nd over - 0 runs, 1 hit, 0 errors, 2 left on base; North Ridgeville 0 - El Paso 0
BOTTOM OF THE 2ND
El Paso Texans batting - Pitching for North Ridgeville River Bandits : RHP Charles Anderson
Batting: LHB Chae-ung Pak 0-0: Ball
1-0: Foul Ball, location: 7LDF
1-1: Ball
2-1: DOUBLE (Flyball, 8LXD, EV 91.3 MPH) - OUT at third base trying to stretch hit.
Batting: LHB Erik Baxter 0-0: Ball
1-0: Ground out 5-3 (Groundball, 5, EV 101.3 MPH)
Batting: RHB Tommy Hunter 0-0: Ball
1-0: Called Strike
1-1: Swinging Strike
1-2: Foul Ball, location: 2F
1-2: Strikes out looking
Bottom of the 2nd over - 0 runs, 1 hit, 0 errors, 0 left on base; North Ridgeville 0 - El Paso 0
TOP OF THE 3RD
North Ridgeville River Bandits batting - Pitching for El Paso Texans : RHP Jim Maloney
Batting: RHB Jim Unknown 0-0: Ball
1-0: Ball
2-0: Called Strike
2-1: Ball
3-1: Swinging Strike
3-2: Base on Balls
Batting: LHB Ed Terry 0-0: Foul Ball, location: 23FF
0-1: Called Strike
0-2: Fly out, F7 (Flyball, 78M, EV 92.5 MPH)
Batting: RHB Ken Lewis 0-0: Ball
1-0: Ball
2-0: Swinging Strike
2-1: Foul Ball, location: 2F
2-2: Strikes out swinging
Batting: LHB Bob Riley 0-0: DOUBLE (Flyball, 8RXD, EV 102.5 MPH)
Jim Unknown to third
Batting: RHB Sam Phillips 0-0: Foul Ball, location: 9LMF
0-1: Ball
1-1: Swinging Strike
1-2: Ball
2-2: Strikes out looking
Top of the 3rd over - 0 runs, 1 hit, 0 errors, 2 left on base; North Ridgeville 0 - El Paso 0
BOTTOM OF THE 3RD
El Paso Texans batting - Pitching for North Ridgeville River Bandits : RHP Charles Anderson
Batting: LHB Craig Garrett 0-0: Called Strike
0-1: SINGLE (Groundball, 4D, EV 101.9 MPH)
Batting: LHB Joe Pepitone 0-0: Ball
1-0: SINGLE (Line Drive, 78S, EV 98.1 MPH)
Craig Garrett to second
Batting: LHB Tasuku Nakamura 0-0: Ball
1-0: Ball
2-0: Fly out, F5 (Popup, 5, EV 68.1 MPH)
Batting: RHB Tadasuke Kobayashi 0-0: Called Strike
0-1: Foul Ball, location: 9LMF
0-2: Foul Ball, location: 2F
0-2: Foul Ball, location: 9LMF
0-2: Strikes out looking
Batting: LHB Jim Mason 0-0: Ball
1-0: Ball
Balk!
Craig Garrett to third
Joe Pepitone to second
2-0: Foul Ball, location: 7LDF
2-1: Ball
3-1: Swinging Strike
3-2: Base on Balls
Batting: SHB William Hoffman 0-0: Called Strike
0-1: Foul Ball, location: 2F
0-2: Ball
1-2: Foul Ball, location: 7LDF
1-2: Ball
2-2: DOUBLE (Groundball, 3L, EV 106.9 MPH)
Craig Garrett scores
Joe Pepitone scores
Jim Mason to third
Batting: LHB Chae-ung Pak 0-0: Called Strike
0-1: Called Strike
0-2: Fly out, F8 (Flyball, 8LM, EV 96.3 MPH)
Bottom of the 3rd over - 2 runs, 3 hits, 0 errors, 2 left on base; North Ridgeville 0 - El Paso 2
TOP OF THE 4TH
North Ridgeville River Bandits batting - Pitching for El Paso Texans : RHP Jim Maloney
Batting: RHB Cedric Hardy 0-0: Called Strike
0-1: Called Strike
0-2: Foul Ball, location: 23F
0-2: Strikes out swinging
Batting: LHB Jim Dwyer 0-0: Ball
1-0: Called Strike
1-1: SINGLE (Groundball, 15, EV 72.5 MPH) (infield hit)
Batting: RHB Aifell Owuor 0-0: Fly out, F8 (Line Drive, 8LM, EV 100.6 MPH)
Batting: RHB Tony Gallegos 0-0: Ball
1-0: SINGLE (Groundball, 34S, EV 89.4 MPH) (infield hit)
Jim Dwyer to second
Batting: RHB Jim Unknown 0-0: Called Strike
0-1: Ball
1-1: Ball
2-1: Foul Ball, location: 9LMFF
2-2: Ball
3-2: Fly out, F1 (Line Drive, P, EV 66.3 MPH)
Top of the 4th over - 0 runs, 2 hits, 0 errors, 2 left on base; North Ridgeville 0 - El Paso 2
BOTTOM OF THE 4TH
El Paso Texans batting - Pitching for North Ridgeville River Bandits : RHP Charles Anderson
Batting: LHB Erik Baxter 0-0: Ball
1-0: Called Strike
1-1: Ground out U3 (Groundball, 3L, EV 79.4 MPH)
Batting: RHB Tommy Hunter 0-0: Called Strike
0-1: Swinging Strike
0-2: Ball
1-2: Strikes out swinging
Batting: LHB Craig Garrett 0-0: Ball
1-0: Ground out 4-3 (Groundball, 4S, EV 85.6 MPH)
Bottom of the 4th over - 0 runs, 0 hits, 0 errors, 0 left on base; North Ridgeville 0 - El Paso 2
TOP OF THE 5TH
North Ridgeville River Bandits batting - Pitching for El Paso Texans : RHP Jim Maloney
Batting: LHB Ed Terry 0-0: Ball
1-0: Ball
2-0: Called Strike
2-1: Ball
3-1: Foul Ball, location: 2F
3-2: Strikes out swinging
Batting: RHB Ken Lewis 0-0: Ball
1-0: Foul Ball, location: 23F
1-1: Ball
2-1: Ground out 6-3 (Groundball, 56, EV 105.6 MPH)
Batting: LHB Bob Riley 0-0: Ground out 4-3 (Groundball, 34D, EV 99.4 MPH)
Top of the 5th over - 0 runs, 0 hits, 0 errors, 0 left on base; North Ridgeville 0 - El Paso 2
BOTTOM OF THE 5TH
El Paso Texans batting - Pitching for North Ridgeville River Bandits : RHP Charles Anderson
Batting: LHB Joe Pepitone 0-0: SINGLE (Groundball, 6MD, EV 106.3 MPH)
Batting: LHB Tasuku Nakamura 0-0: Swinging Strike
0-1: Bunted foul
0-2: Fielders Choice at 2nd, 4-6 (Groundball, 4, EV 86.3 MPH)
Batting: RHB Tadasuke Kobayashi 0-0: Called Strike
0-1: Called Strike
0-2: Strikes out swinging
Batting: LHB Jim Mason 0-0: Swinging Strike
0-1: Called Strike
Tasuku Nakamura steals 2nd base
0-2: Strikes out swinging
Bottom of the 5th over - 0 runs, 1 hit, 0 errors, 1 left on base; North Ridgeville 0 - El Paso 2
TOP OF THE 6TH
North Ridgeville River Bandits batting - Pitching for El Paso Texans : RHP Jim Maloney
Batting: RHB Sam Phillips 0-0: Ball
1-0: Foul Ball, location: 5FF
1-1: Swinging Strike
1-2: Foul Ball, location: 7LSF
1-2: Strikes out looking
Batting: RHB Cedric Hardy 0-0: Ball
1-0: Foul Ball, location: 9LSF
1-1: Ground out 6-3 (Groundball, 56, EV 101.9 MPH)
Batting: LHB Jim Dwyer 0-0: Called Strike
0-1: Swinging Strike
0-2: Ball
1-2: Foul Ball, location: 5F
1-2: Fly out, F8 (Flyball, 8RM, EV 86.3 MPH)
Top of the 6th over - 0 runs, 0 hits, 0 errors, 0 left on base; North Ridgeville 0 - El Paso 2
BOTTOM OF THE 6TH
El Paso Texans batting - Pitching for North Ridgeville River Bandits : RHP Charles Anderson
Batting: SHB William Hoffman 0-0: Ball
1-0: Ball
2-0: Ball
3-0: Called Strike
3-1: Foul Ball, location: 2F
3-2: Base on Balls
Batting: LHB Chae-ung Pak 0-0: Swinging Strike
0-1: Foul Ball, location: 7LMF
0-2: Strikes out swinging
Batting: LHB Erik Baxter 0-0: Called Strike
0-1: Ball
1-1: Ball
2-1: Fly out, F8 (Flyball, 8RXD, EV 101.3 MPH)
Batting: RHB Tommy Hunter 0-0: SINGLE (Line Drive, 9S, EV 89.4 MPH)
William Hoffman to second
Runner from 2nd tries for 3rd, SAFE, throw by RF made to third
Batting: LHB Craig Garrett 0-0: Fielders Choice at 2nd, 5-4 (Groundball, 5, EV 80.6 MPH)
Bottom of the 6th over - 0 runs, 1 hit, 0 errors, 2 left on base; North Ridgeville 0 - El Paso 2
TOP OF THE 7TH
North Ridgeville River Bandits batting - Pitching for El Paso Texans : RHP Jim Maloney
Batting: RHB Aifell Owuor 0-0: Called Strike
0-1: Called Strike
0-2: Strikes out looking
Pinch Hitting: SHB Don Jones 0-0: Ball
1-0: Foul Ball, location: 3FF
1-1: Ball
2-1: Foul Ball, location: 7LSF
2-2: Ball
3-2: Strikes out looking
Batting: RHB Jim Unknown 0-0: Called Strike
0-1: Ball
1-1: Foul Ball, location: 2F
1-2: Strikes out looking
Top of the 7th over - 0 runs, 0 hits, 0 errors, 0 left on base; North Ridgeville 0 - El Paso 2
BOTTOM OF THE 7TH
El Paso Texans batting - Pitching for North Ridgeville River Bandits : RHP Charles Anderson
Now at SS: Alex Fuller
Batting: LHB Joe Pepitone 0-0: Ball
1-0: Called Strike
1-1: Reached via error on a dropped throw from 2B, E3 (Groundball, 4, EV 98.8 MPH)
Batting: LHB Tasuku Nakamura 0-0: Ball
1-0: Fielders Choice at 2nd, 4-6 (Groundball, 4, EV 84.4 MPH)
Batting: RHB Tadasuke Kobayashi 0-0: Called Strike
0-1: Fly out, F8 (Flyball, 8LS, EV 79.4 MPH)
Batting: LHB Jim Mason 0-0: Ball
1-0: Called Strike
1-1: Foul Ball, location: 23F
1-2: Ball
2-2: Foul Ball, location: 5FF
2-2: Ball
3-2: 2-RUN HOME RUN (Flyball, 7D, EV 100.6 MPH), Distance : 399 ft
Batting: SHB William Hoffman 0-0: Ball
1-0: Ground out U3 (Groundball, 3, EV 75.6 MPH)
Bottom of the 7th over - 2 runs, 1 hit, 1 error, 0 left on base; North Ridgeville 0 - El Paso 4
TOP OF THE 8TH
North Ridgeville River Bandits batting - Pitching for El Paso Texans : RHP Jim Maloney
Pitching: RHP Justin Olson
Batting: LHB Ed Terry 0-0: Foul Ball, location: 3FF
0-1: Swinging Strike
0-2: Ball
1-2: Foul Ball, location: 7LSFF
1-2: Ball
2-2: Foul Ball, location: 23F
2-2: Foul Ball, location: 5FF
2-2: Ball
3-2: Ground out 5-3 (Groundball, 56, EV 86.9 MPH)
Batting: RHB Ken Lewis 0-0: Called Strike
0-1: Called Strike
0-2: Ball
1-2: Fly out, F6 (Line Drive, 6, EV 65.0 MPH)
Batting: LHB Bob Riley 0-0: Called Strike
0-1: Foul Ball, location: 9LSFF
0-2: Foul Ball, location: 5SF
0-2: Strikes out swinging, 2-3 out at first.
Top of the 8th over - 0 runs, 0 hits, 0 errors, 0 left on base; North Ridgeville 0 - El Paso 4
BOTTOM OF THE 8TH
El Paso Texans batting - Pitching for North Ridgeville River Bandits : RHP Charles Anderson
Batting: LHB Chae-ung Pak 0-0: Foul Ball, location: 5DF
0-1: Fly out, F8 (Flyball, 8RD, EV 102.5 MPH)
Batting: LHB Erik Baxter 0-0: Ball
1-0: Foul Ball, location: 9LSF
1-1: Foul Ball, location: 2F
1-2: Ball
2-2: Foul Ball, location: 2F
2-2: SINGLE (Groundball, 6MD, EV 98.1 MPH)
Batting: RHB Tommy Hunter 0-0: Ball
1-0: Swinging Strike
1-1: Ball
2-1: Swinging Strike
2-2: Ball
3-2: Strikes out looking
Batting: LHB Craig Garrett 0-0: Called Strike
0-1: Foul Ball, location: 5F
0-2: Ball
1-2: Ball
2-2: Strikes out swinging
Bottom of the 8th over - 0 runs, 1 hit, 0 errors, 1 left on base; North Ridgeville 0 - El Paso 4
TOP OF THE 9TH
North Ridgeville River Bandits batting - Pitching for El Paso Texans : RHP Justin Olson
Batting: RHB Sam Phillips 0-0: Ball
1-0: Called Strike
1-1: Swinging Strike
1-2: Ball
2-2: Strikes out looking
Batting: RHB Cedric Hardy 0-0: Ground out 4-3 (Groundball, 4, EV 104.4 MPH)
Batting: LHB Jim Dwyer 0-0: Ground out 4-3 (Groundball, 4, EV 100.6 MPH)
Top of the 9th over - 0 runs, 0 hits, 0 errors, 0 left on base; North Ridgeville 0 - El Paso 4
Friday, April 5th , 2024 - OOTP Baseball 24.8 Build 75